AoeStats
← Tu mama es peruana

Coastal Forest

503276220Analyzed
2v2 RM · 1mo ago on Aug 30, 2026· 61m 32s· 4 players
Game mode
Random Map
Map size
Medium (4 player)
Population
200
Speed
Normal
Resources
Standard
Victory
Conquest
Starting age
Dark Age
Ending age
Imperial Age
RankedLock teamsTeams togetherTeam positionsShared explorationLock speedFull tech treeHidden civsTurbo modeCheats
Victory
Defeat
🇨🇱 Franks · Chile
959
+17
🇨🇱 Franks · Chile
908
+19
🇨🇱 Franks · Chile
986
-18
🇨🇱 Spanish · Chile
977
-18
Ideafix
5:30 Loom
10:26 Feudal Age
11:11 Double-Bit Axe
22:44 Castle Age
21:17 Gold Mining
21:35 Scale Barding Armor
23:14 Forging
24:46 Iron Casting
32:16 Chain Barding Armor
32:50 Husbandry
36:30 Stone Mining
46:15 Imperial Age
44:59 Gold Shaft Mining
45:23 Wheelbarrow
44:34 Elite Skirmisher
45:19 Padded Archer Armor
45:09 Fletching
48:37 Leather Archer Armor
48:17 Bodkin Arrow
47:49 Cavalier
48:55 Conscription
50:59 Blast Furnace
55:54 Capped Ram
60:47 Bow Saw
60:55 Hand Cart
Tomachela
5:28 Loom
10:16 Feudal Age
11:18 Double-Bit Axe
19:02 Scale Barding Armor
24:37 Castle Age
22:34 Man-at-Arms
43:43 Bow Saw
44:58 Forging
55:43 Gold Mining
61:18 Elite Skirmisher
62:02 Scale Mail Armor
62:03 Padded Archer Armor
62:24 Chain Barding Armor
62:40 Iron Casting
Tu mama es peruana
4:30 Loom
10:35 Feudal Age
8:53 Loom
14:39 Castle Age
12:59 Double-Bit Axe
14:17 Stone Mining
22:55 Scale Mail Armor
23:07 Forging
26:20 Squires
25:41 Pikeman
26:58 Squires
29:02 Bow Saw
38:53 Gold Mining
47:23 #83
50:15 Ballistics
53:16 Imperial Age
52:58 Gold Shaft Mining
52:50 Arson
58:09 Chemistry
57:25 Halberdier
58:35 Conscription
60:50 Wheelbarrow
60:31 Scale Barding Armor
60:41 Chain Mail Armor
61:23 Husbandry
Panchoo146
0:25 Loom
11:28 Feudal Age
21:27 Castle Age
21:43 Double-Bit Axe
21:40 Horse Collar
28:38 Pikeman
33:58 Squires
47:40 Imperial Age
47:22 Bow Saw
49:22 Chemistry
51:00 Wheelbarrow
51:08 Halberdier
Connection lost

Rejoining the realm…

Still unreachable

The connection could not be restored.

Session expired

The server has moved on; the page needs a fresh start.